[Event "Stadtmeisterschaft Ulm/Neu-Ulm 2008"]
[Site "?"]
[Date "2008.10.03"]
[Round "2"]
[White "Späth, Gerhard"]
[Black "Lepschi, Albert"]
[Result "0-1"]
[ECO "B17"]
[WhiteElo "1643"]
[BlackElo "1674"]
[Annotator "Frederic"]
[PlyCount "174"]
[EventDate "2008.??.??"]
[TimeControl "30/5400:0"]

{125MB, Fritz10.ctg, SCHACHCOMP} 1. e4 c6 2. d4 d5 3. Nc3 dxe4 4. Nxe4 Nd7 5.
Nf3 Ngf6 6. Nxf6+ Nxf6 7. c3 Bg4 8. Be2 e6 9. Ne5 Bxe2 10. Qxe2 Be7 11. Bg5 O-O
12. O-O Nd5 13. Bxe7 Qxe7 14. f4 Rad8 15. Rae1 Qc7 16. f5 exf5 17. Rxf5 f6 18.
Nd3 Rde8 19. Qd2 Rxe1+ 20. Qxe1 Qd7 21. Rf1 Re8 22. Qg3 Ne3 23. Rxf6 Qd5 24.
Rf2 Qxa2 25. h3 Qb1+ 26. Kh2 Qxd3 27. Qf4 Qg6 28. Qc7 Nd5 29. Qxb7 Qd6+ 30. g3
Qc7 31. Qb3 Re3 32. Rg2 Kh8 33. Qd1 h6 34. Qg4 Nf6 35. Qg6 Qe7 36. Qf5 Re2 37.
Qc8+ Qe8 38. Qa6 Rxg2+ 39. Kxg2 Qe4+ 40. Kf2 Qf5+ 41. Kg2 Qc2+ 42. Kf3 Qxb2 43.
Qc8+ Kh7 44. Qf5+ Kg8 45. Qc8+ Kf7 46. Qxc6 Qb3 47. Kf4 Qxc3 48. Qb7+ Kg6 49.
Qxa7 Nh5+ 50. Ke5 Qxg3+ 51. Kd5 Nf6+ 52. Kc6 Qxh3 53. Qa1 Qe6+ 54. Kc5 Nd7+ 55.
Kb4 Qd6+ 56. Kc3 Nf6 57. Qb1+ Kf7 58. Qb3+ Nd5+ 59. Kd2 Qb4+ 60. Qxb4 Nxb4 61.
Ke3 Kf6 62. Kf4 Ke6 63. Kf3 Kd5 64. Ke3 Nc6 65. Kf4 Nxd4 66. Kg4 Ke4 67. Kh5
Kf5 68. Kh4 Ne6 69. Kg3 g5 70. Kf3 Nd4+ 71. Kg2 Kf4 72. Kg1 Kf3 73. Kf1 Nf5 74.
Kg1 Ke2 75. Kg2 g4 76. Kg1 h5 77. Kg2 Ke3 78. Kf1 Kf3 79. Ke1 g3 80. Kd2 g2 81.
Kc3 g1=Q 82. Kc4 Qd4+ 83. Kb5 Qc3 84. Kb6 Qc4 85. Kb7 Qc5 86. Kb8 Qe7 87. Kc8
Nd6+ 0-1

[Event "Stadtmeisterschaft Ulm/Neu-Ulm 2008"]
[Site "?"]
[Date "2008.10.03"]
[Round "2"]
[White "Krauß, Rainer"]
[Black "Goda, Frederic"]
[Result "1-0"]
[ECO "B94"]
[WhiteElo "1642"]
[BlackElo "1706"]
[Annotator "Frederic"]
[PlyCount "47"]
[EventDate "2008.??.??"]
[TimeControl "30/5400:0"]

{125MB, Fritz10.ctg, SCHACHCOMP} 1. e4 c5 2. Nf3 d6 3. d4 cxd4 4. Nxd4 Nf6 5.
Nc3 a6 6. Bg5 h6 7. Bxf6 exf6 8. Bc4 Nc6 9. O-O Ne5 10. Bd5 Rb8 11. f4 Bg4 12.
Qd2 Nd7 13. f5 Bh5 14. h3 Ne5 15. g4 Bxg4 16. hxg4 Nxg4 17. Rf4 Ne5 18. Kh1 g5
19. fxg6 fxg6 20. Raf1 Be7 21. Be6 g5 22. Rf5 Ng6 23. Qd1 Nf4 24. R1xf4 1-0

[Event "Stadtmeisterschaft Ulm/Neu Ulm 2008"]
[Site "?"]
[Date "2008.10.03"]
[Round "2"]
[White "Förderreuther, Jonas"]
[Black "Sturm, Paul"]
[Result "1-0"]
[ECO "D31"]
[WhiteElo "1510"]
[BlackElo "1296"]
[Annotator "Frederic"]
[PlyCount "63"]
[EventDate "2008.??.??"]
[TimeControl "30/5400:0"]

{125MB, Fritz10.ctg, SCHACHCOMP} 1. d4 d5 2. c4 e6 3. Nc3 Bb4 4. Qb3 Bxc3+ 5.
Qxc3 Nc6 6. Nf3 Nge7 7. b3 Qd6 8. c5 Qd8 9. Bf4 Nf5 10. e3 h6 11. h3 Bd7 12.
Bd3 Nh4 13. Nxh4 Qxh4 14. Bxc7 O-O 15. Bg3 Qg5 16. O-O a5 17. a3 Qd8 18. b4 b6
19. b5 Na7 20. a4 bxc5 21. dxc5 Rc8 22. Qd4 Re8 23. c6 Nxc6 24. bxc6 Bxc6 25.
Ba6 Ra8 26. Bb5 Qd7 27. Bxc6 Qxc6 28. Rfc1 Qa6 29. Rc7 Rec8 30. Rac1 Rxc7 31.
Rxc7 Rc8 32. Qa7 1-0

[Event "Stadtmeisterschaft Ulm/Neu Ulm 2008"]
[Site "?"]
[Date "2008.10.03"]
[Round "2"]
[White "Krapf, Katharina"]
[Black "Rieken, Bernd"]
[Result "1/2-1/2"]
[ECO "A21"]
[WhiteElo "1223"]
[BlackElo "1542"]
[Annotator "Frederic"]
[PlyCount "70"]
[EventDate "2008.??.??"]
[TimeControl "30/5400:0"]

{125MB, Fritz10.ctg, SCHACHCOMP} 1. c4 e5 2. Nc3 Bc5 3. g3 Ne7 4. a3 a5 5. Bg2
c6 6. Nf3 d6 7. d4 exd4 8. Nxd4 O-O 9. O-O Nf5 10. e3 Bxd4 11. exd4 Qf6 12. Be3
Re8 13. Re1 Be6 14. d5 Bd7 15. Ne4 Qg6 16. Bf4 h5 17. dxc6 Nxc6 18. Bxd6 Rxe4
19. Bxe4 Qxd6 20. Qxd6 Nxd6 21. Rad1 Nxe4 22. Rxd7 Nc5 23. Rd5 b6 24. Rxh5 Nd3
25. Re2 Nd4 26. Re4 Nf3+ 27. Kg2 Nde1+ 28. Kh1 g5 29. h4 f6 30. Re7 Rd8 31.
hxg5 fxg5 32. Rhh7 Rd2 33. Rhg7+ Kf8 34. Rgf7+ Kg8 35. Rg7+ Kh8 1/2-1/2

[Event "Stadtmeisterschaft Ulm/Neu Ulm 2008"]
[Site "?"]
[Date "2008.10.03"]
[Round "2"]
[White "Simo von Koschitzky, Ignatio"]
[Black "Hörsch, Florian"]
[Result "0-1"]
[ECO "D05"]
[WhiteElo "1087"]
[BlackElo "1485"]
[Annotator "Frederic"]
[PlyCount "50"]
[EventDate "2008.??.??"]
[TimeControl "30/5400:0"]

{125MB, Fritz10.ctg, SCHACHCOMP} 1. d4 d5 2. Nf3 Nf6 3. e3 e6 4. Bd3 c5 5. c3
Nc6 6. Nbd2 Bd6 7. O-O Bd7 8. e4 dxe4 9. Nxe4 Nxe4 10. Bxe4 Qc7 11. Qd3 cxd4
12. cxd4 f5 13. Bxc6 Bxc6 14. Ne5 Bxe5 15. dxe5 Qxe5 16. Re1 Qxe1+ 17. Qf1
Qxf1+ 18. Kxf1 O-O-O 19. Bf4 Rd5 20. Rc1 Rhd8 21. Ke1 e5 22. Be3 a6 23. g3 Kb8
24. b4 Ba4 25. Ke2 Bd1+ 0-1

[Event "Stadtmeisterschaft Ulm/Neu Ulm 2008"]
[Site "?"]
[Date "2008.10.03"]
[Round "2"]
[White "Stork, Simon"]
[Black "Napierala, Jascha"]
[Result "1-0"]
[ECO "C42"]
[WhiteElo "1439"]
[BlackElo "790"]
[Annotator "Frederic"]
[PlyCount "73"]
[EventDate "2008.??.??"]
[TimeControl "30/5400:0"]

{125MB, Fritz10.ctg, SCHACHCOMP} 1. e4 e5 2. Nf3 Nf6 3. Nxe5 Qe7 4. d4 d6 5.
Nf3 Bf5 6. e5 dxe5 7. Nxe5 Nc6 8. Bb5 Qb4+ 9. Nc3 Bd7 10. Nxd7 Nxd7 11. Bxc6
bxc6 12. O-O Be7 13. a3 Qd6 14. Re1 O-O 15. Bf4 Qxf4 16. Rxe7 Nf6 17. Qd3 Rad8
18. Ne2 Qh4 19. Rxc7 Nd7 20. Qg3 Qe4 21. Qd3 Qh4 22. c3 Rfe8 23. Ng3 Ne5 24.
Qf5 Nd7 25. Rxd7 Rxd7 26. Qxd7 Rd8 27. Re1 g6 28. Re8+ Rxe8 29. Qxe8+ Kg7 30.
Qxc6 Qg4 31. Qf3 Qe6 32. Qe2 Qb3 33. h3 h5 34. Qd2 Qd5 35. Qd3 g5 36. c4 Qd6
37. Nf5+ 1-0

[Event "Stadtmeisterschaft Ulm/Neu Ulm 2008"]
[Site "Privat"]
[Date "2008.10.31"]
[Round "4"]
[White "Sander, Lucia"]
[Black "Schwab, Matthias"]
[Result "0-1"]
[ECO "E92"]
[WhiteElo "1810"]
[BlackElo "2022"]
[Annotator "Frederic"]
[PlyCount "150"]
[EventDate "2008.??.??"]
[TimeControl "40/7200:20/3600:1800"]

1. d4 Nf6 2. Nf3 g6 3. c4 Bg7 4. Nc3 O-O 5. e4 d6 6. h3 e5 7. d5 a5 8. Be3 Na6
9. Be2 Ne8 10. g4 f5 11. gxf5 gxf5 12. Bg5 Bf6 13. Rg1 Kh8 14. exf5 Bxf5 15.
Qd2 Qe7 16. O-O-O Nc5 17. Bxf6+ Nxf6 18. Qg5 Bd7 19. Nh4 Rg8 20. Qh6 Qf7 21. f4
exf4 22. Qxf4 Raf8 23. Rxg8+ Nxg8 24. Qd4+ Qf6 25. Nf3 Bxh3 26. Nb5 Na6 27. Ng5
Qxd4 28. Nxd4 Bd7 29. Rg1 h6 30. Nge6 Rf2 31. Kd1 Rf6 32. Ke1 c5 33. Nb5 Bxe6
34. dxe6 Rxe6 35. Kd2 Ne7 36. a3 b6 37. Rf1 Kg7 38. Bh5 Nb8 39. Nc7 Re5 40.
Ne8+ Kg8 41. Bf7+ Kh7 42. Nxd6 Nbc6 43. Be8 Nd4 44. Bh5 Nef5 45. Nc8 Ng7 46.
Bd1 Re6 47. Rf7 Kg6 48. Rb7 h5 49. Nxb6 Rf6 50. Nd5 Rf2+ 51.
Ke3 Rh2 52. Nf4+ Kh6 53. Rb6+ Kg5 54. Rg6+ Kh4 55. Ng2+ Kh3 56. Kf2 Rh1 57. Ba4
Ngf5 58. Bd7 Rb1 59. Nf4+ Kh4 60. Ng2+ Kh3 61. Rg5 Rxb2+ 62. Kf1 Rb1+ 63. Ne1
Rxe1+ 64. Kxe1 Nf3+ 65. Kf2 Nxg5 66. Bxf5+ Kh2 67. Bg6 h4 68. Bf5 Nf7 69. Ke3
Ne5 70. Kf4 Nxc4 71. a4 Kg2 72. Be4+ Kf2 73. Kg4 Ke3 74. Bc6 Ne5+ 75. Kxh4 Nxc6
0-1